 Dungeon Crawl Stone Soup version 0.21.1-1-g345015fe64 (webtiles) character file.

333 sjiht001 the Chopper (level 6, -2/53 HPs)
             Began as a Hill Orc Fighter on June 6, 2018.
             Was an Initiate of Fedhas.
             Slain by a sky beast (5 damage)
             ... on level 4 of the Dungeon.
             The game lasted 00:42:12 (3370 turns).

sjiht001 the Chopper (Hill Orc Fighter)             Turns: 3370, Time: 00:42:12

Health: -2/53      AC:  7    Str: 20    XL:     6   Next: 52%
Magic:  6/6        EV:  7    Int:  8    God:    Fedhas [......]
Gold:   107        SH:  9    Dex: 11    Spells: 5/5 levels left

rFire    . . .     SeeInvis .   a - +0 war axe
rCold    . . .     Gourm    .   c - +0 shield
rNeg     . . .     Faith    .   b - +0 scale mail
rPois    .         Spirit   .   (no helmet)
rElec    .         Reflect  .   (no cloak)
rCorr    .         Harm     .   (no gloves)
MR       .....                  (no boots)
Stlth    ..........             (no amulet)
HPRegen  0.17/turn              (no ring)
MPRegen  0.10/turn              (no ring)

@: about to teleport
A: no striking features
a: Fungal Bloom, Renounce Religion


You were on level 4 of the Dungeon.
You worshipped Fedhas.
Fedhas was noncommittal.
You were not hungry.

You visited 1 branch of the dungeon, and saw 4 of its levels.

You collected 107 gold pieces.

Inventory:

Hand Weapons
 a - a +0 war axe (weapon)
 r - a +0 hunting sling
Missiles
 h - 44 bolts
 k - 59 arrows
 s - 17 sling bullets
Armour
 b - a +0 scale mail (worn)
 c - a +0 shield (worn)
 l - a +0 robe of positive energy
Wands
 w - a wand of polymorph (11)
 x - a wand of disintegration (7)
Scrolls
 d - a scroll of identify
 e - 2 scrolls of remove curse
 g - a scroll of teleportation
 i - 2 scrolls of blinking {unknown}
 m - a scroll of immolation {unknown}
 n - 2 scrolls of enchant weapon {unknown}
 t - 2 scrolls of noise {unknown}
 y - a scroll of fear {unknown}
Potions
 j - 3 potions of curing
 o - a potion of flight {unknown}
 p - a potion of resistance {unknown}
 u - a potion of magic {unknown}
 v - a potion of brilliance
Comestibles
 f - 4 rations


   Skills:
 + Level 4.3 Fighting
 + Level 5.7 Axes
 - Level 0.1 Slings
 * Level 5.3 Armour
 + Level 4.3 Shields


You had 5 spell levels left.
You didn't know any spells.

Dungeon Overview and Level Annotations

Branches:
Dungeon (4/15)
 Temple: D:4-7

Altars:
Fedhas
Kikubaaqudgha


Message History

The sky beast is heavily wounded.
You block the sky beast's attack. x2
You slash the sky beast!
The sky beast is almost dead.
The sky beast flickers out of sight!
Deactivating autopickup; reactivate with Ctrl-A.
Something hits you.
* * * LOW HITPOINT WARNING * * *
Something shocks you.
* * * LOW HITPOINT WARNING * * *
You miss something. You block something's attack.
As you read the scroll labeled YQAIXK AMNA, it crumbles to dust.
You feel strangely unstable.
It was a scroll of teleportation.
Something hits you but does no damage.
You closely miss something. Something hits you but does no damage.
Something hits you.
* * * LOW HITPOINT WARNING * * *
Something shocks you.
You die...
Fedhas appreciates your contribution to the ecosystem.

. ..#...#
#......###..........# .#
.####
#...................# #
........>.............#
.###.................)#
. ####.######..#....####
....# ###..##....####
###.. ..........(...
.#....######........###.
.......@{.≈.........# ##
.....#######........#
... #........# #
##...##.## ####
#.#.....# .....
#.###.#.#
......##†###.#.#
................
...............##


There were no monsters in sight!

Vanquished Creatures
  The ghost of supermoro the Sneak, an amateur KoEn (D:3)
  A scorpion (D:3)
  A howler monkey (D:4)
  2 orc wizards (D:3)
  5 adders
  An ooze (D:2)
  A worm (D:3)
  A dart slug (D:2)
  A leopard gecko (D:1)
  2 orcs (D:3)
  3 bats
  2 giant cockroaches
  11 goblins
  5 hobgoblins
  8 jackals (D:1)
  3 quokkas (D:2)
  3 ball pythons
  A frilled lizard (D:1)
  5 kobolds
  4 rats
61 creatures vanquished.

Notes
Turn   | Place    | Note
-------+----------+-------------------------------------------
     0 | D:1      | sjiht001 the Hill Orc Fighter began the quest for the Orb.
     0 | D:1      | Reached XP level 1. HP: 19/19 MP: 1/1
   308 | D:1      | Reached XP level 2. HP: 27/27 MP: 2/2
  1212 | D:2      | Reached XP level 3. HP: 32/33 MP: 3/3
  1933 | D:2      | Reached XP level 4. HP: 40/40 MP: 4/4
  1988 | D:2      | Found a blossoming altar of Fedhas.
  1992 | D:2      | Found an ancient bone altar of Kikubaaqudgha.
  2003 | D:2      | Became a worshipper of Fedhas Madash
  2122 | D:3      | Noticed supermoro's ghost (amateur KoEn)
  2136 | D:3      | Killed supermoro's ghost
  2136 | D:3      | Reached XP level 5. HP: 44/46 MP: 5/5
  2305 | D:3      | Reached skill level 5 in Axes
  2512 | D:3      | Reached skill level 5 in Armour
  2512 | D:3      | Reached XP level 6. HP: 45/52 MP: 6/6
  3230 | D:4      | Noticed a sky beast
  3370 | D:4      | Slain by a sky beast

Skill      XL: |  1  2  3  4  5 |
---------------+----------------+-----
Axes           | 3 4 5 |  5.7
Armour         | 4 5 |  5.3
Fighting       | 4 |  4.3
Shields        | 4 |  4.3
Slings         | |  0.1

Action                   |  1- 3 |  4- 6 || total
-------------------------+-------+-------++-------
Melee: War axe           |   128 |   138 ||   266
 Fire: Hunting sling     |     3 |       ||     3
  Use: Potion            |     1 |       ||     1
       Scroll            |       |     4 ||     4
  Eat: Ration            |     1 |     2 ||     3
Armor: Scale mail        |    79 |    59 ||   138
Dodge: Dodged            |    56 |    26 ||    82
Block: Shield            |   101 |    54 ||   155
